 Dungeon Crawl Stone Soup version 0.26.1-2-gb8aa6d0cf2 (webtiles) character file.

Game seed: 2579472316238905545

474 MalarOregon the Cutter (level 7, -8/47 HPs)
             Began as a Halfling Fighter on Mar 28, 2021.
             Was a Follower of Elyvilon.
             Shot with an arrow by a centaur (13 damage)
             ... on level 5 of the Dungeon.
             The game lasted 00:04:21 (4435 turns).

MalarOregon the Cutter (Halfling Fighter)           Turns: 4435, Time: 00:04:21

Health: -8/47      AC:  7    Str: 19    XL:     7   Next: 32%
Magic:  7/7        EV: 11    Int:  6    God:    Elyvilon [*.....]
Gold:   18         SH: 10    Dex: 14    Spells: 6/6 levels left

rFire    . . .     SeeInvis .   a - +0 rapier
rCold    . . .     Faith    .   c - +0 kite shield
rNeg     . . .     Spirit   .   b - +0 scale mail
rPois    .         Reflect  .   (no helmet)
rElec    .         Harm     .   (no cloak)
rCorr    .         Rampage  .   (no gloves)
Will     .....                  (no boots)
Stlth    ..........             (no amulet)
HPRegen  0.15/turn              (no ring)
MPRegen  0.10/turn              (no ring)

@: no status effects
A: small, mutation resistance 1
a: Renounce Religion, Lesser Healing, Divine Protection


You were on level 5 of the Dungeon.
You worshipped Elyvilon.
Elyvilon was aware of your devotion.
You visited 1 branch of the dungeon, and saw 5 of its levels.

You collected 169 gold pieces.
You spent 151 gold pieces at shops.

Inventory:

Hand Weapons
 a - a +0 rapier (weapon)
Armour
 b - a +0 scale mail (worn)
 c - a +0 kite shield (worn)
Jewellery
 e - a +6 ring of intelligence {unknown}
   (You found it on level 1 of the Dungeon)
 g - an uncursed amulet of reflection {unknown}
   (You found it on level 1 of the Dungeon)
 s - a cursed ring of attention {unknown}
   (You found it on level 4 of the Dungeon)
 u - an uncursed ring of see invisible {unknown}
   (You found it on level 4 of the Dungeon)
Wands
 w - a wand of enslavement (6)
   (You bought it in a shop on level 4 of the Dungeon)
Scrolls
 f - 3 scrolls of identify {unknown}
 h - 2 scrolls of enchant armour {unknown}
 i - 2 scrolls of teleportation {unknown}
 j - a scroll of magic mapping {unknown}
 m - a scroll of fear {unknown}
 n - 5 scrolls of remove curse {unknown}
 o - a scroll of blinking {unknown}
 p - 3 scrolls of amnesia {unknown}
 v - a scroll of enchant weapon {unknown}
 x - a scroll of immolation {unknown}
Potions
 d - 3 potions of might
 k - a potion of mutation {unknown}
 l - 3 potions of attraction {unknown}
 q - 4 potions of curing {unknown}
 r - a potion of ambrosia {unknown}
 t - a potion of heal wounds {unknown}


   Skills:
 + Level 3.7 Fighting
 * Level 5.5 Short Blades
 + Level 4.6 Armour
 + Level 2.7 Dodging
 + Level 4.5 Shields


You had 6 spell levels left.
You didn't know any spells.
Your spell library was empty.

Dungeon Overview and Level Annotations

Branches:
Dungeon (5/15)
 Temple: D:4-7

Altars:
Elyvilon
Yredelemnul

Shops:
D:4 *


Innate Abilities, Weirdness & Mutations

You are small and have problems with some larger weapons.
You are somewhat resistant to further mutation.


Message History

Found a robe.
You barely miss the howler monkey.
The giant cockroach bites you but does no damage.
The howler monkey hoots and howls with incredible vigour!
You hear an angry hiss.
You hear a shout! x2
You closely miss the howler monkey. The giant cockroach bites you.
The howler monkey barely misses you. The giant cockroach barely misses you.
You puncture the howler monkey! You block the howler monkey's attack.
You hear a distant slurping noise.
The giant cockroach bites you. You block the howler monkey's attack.
You hit the howler monkey. You block the giant cockroach's attack.
The howler monkey barely misses you.
You barely miss the howler monkey.
A centaur comes into view.
You block the giant cockroach's attack. You block the howler monkey's attack.
The centaur wields a +0 shortbow.
The centaur shoots an arrow.
The arrow hits you.
The giant cockroach completely misses you.
You hit the howler monkey.
A centaur comes into view.
You block the howler monkey's attack. The giant cockroach barely misses you.
The centaur shoots an arrow.
The arrow hits you!
The centaur wields a +0 shortbow.
The centaur shoots an arrow.
You block the arrow.
You barely miss the howler monkey.
The howler monkey hits you but does no damage.
The centaur shoots an arrow.
The arrow hits you. The giant cockroach misses you.
The centaur shoots an arrow.
The arrow hits you!
* * * LOW HITPOINT WARNING * * *
The howler monkey hits you.
* * * LOW HITPOINT WARNING * * *
The centaur shoots an arrow.
The arrow hits you.
* * * LOW HITPOINT WARNING * * *
The centaur shoots an arrow.
The arrow closely misses you.
The arrow closely misses the giant cockroach.
You see here an arrow.
The centaur shoots an arrow.
The arrow closely misses you.
The centaur shoots an arrow.
The arrow closely misses you.
You see here 2 arrows.
Unknown command.
The centaur shoots an arrow.
The arrow hits you.
* * * LOW HITPOINT WARNING * * *
There is a stone staircase leading up here.
You see here an arrow.
Unknown command.
The centaur shoots an arrow.
The arrow closely misses you.
The giant cockroach bites you but does no damage.
The centaur shoots an arrow.
The arrow hits you!
You die...

..... .#.........
#.......c.......
#... ...........
#...##..........
#.......[.......
###...(.....# ..#
.......((./.#..#
........#Bh.c.##.#
#.......#.@.......
##[.....#.....#...
#..#..###.####
###### ###


You could see 2 centaurs, a howler monkey and a giant cockroach.

Vanquished Creatures
  A water moccasin (D:4)
  A scorpion (D:4)
  A howler monkey (D:4)
  A jelly (D:4)
  A bullfrog skeleton (D:4)
  2 worker ants (D:4)
  A hound skeleton (D:4)
  3 gnolls
  6 adders
  A worm (D:2)
  3 dart slugs (D:1)
  3 leopard geckos
  5 giant cockroaches
  9 goblins
  9 hobgoblins
  9 jackals
  7 kobolds
  2 quokkas
  5 bats
  4 frilled lizards
  A jackal skeleton (D:4)
  6 rats
81 creatures vanquished.

Notes
Turn   | Place    | Note
-------+----------+-------------------------------------------
     0 | D:1      | MalarOregon the Halfling Fighter began the quest for the
                  | Orb.
     0 | D:1      | Reached XP level 1. HP: 15/15 MP: 1/1
   211 | D:1      | Reached XP level 2. HP: 14/20 MP: 2/2
   667 | D:1      | Reached skill level 3 in Short Blades
   670 | D:1      | Reached XP level 3. HP: 23/25 MP: 3/3
   912 | D:1      | Reached skill level 1 in Dodging
  1297 | D:2      | Reached XP level 4. HP: 26/31 MP: 4/4
  1418 | D:2      | Found a faded altar of an unknown god.
  1962 | D:2      | Reached XP level 5. HP: 36/36 MP: 5/5
  2321 | D:2      | Reached skill level 4 in Short Blades
  2863 | D:3      | Found a white marble altar of Elyvilon.
  3264 | D:3      | Became a worshipper of Elyvilon the Healer
  3283 | D:4      | Reached XP level 6. HP: 42/42 MP: 6/6
  3288 | D:4      | Noticed a water moccasin
  3300 | D:4      | Killed a water moccasin
  3313 | D:4      | Reached skill level 5 in Short Blades
  3582 | D:4      | Reached XP level 7. HP: 45/47 MP: 7/7
  3682 | D:4      | Found Ovoshromn's Assorted Antiques.
  3690 | D:4      | Bought a scroll labelled SAMPIWKO ODGHY for 22 gold pieces
  3690 | D:4      | Bought a lumpy golden potion for 19 gold pieces
  3690 | D:4      | Bought a scroll labelled UBIARCH RUHAO for 22 gold pieces
  3716 | D:4      | Bought a gold wand for 88 gold pieces
  4090 | D:4      | Reached * piety under Elyvilon
  4308 | D:4      | Found a basalt altar of Yredelemnul.
  4421 | D:5      | Entered Level 5 of the Dungeon
  4435 | D:5      | Shot with an arrow by a centaur

Illustrated notes

Levels and vault maps discovered:
D:1:      arrival_zaba_pyramid, layout_basic, minmay_misc_feat_tower
D:2:      layout_basic, chequers_ecumenical_altar_island
D:3:      layout_loops_cross, elyvilon_altar_5
D:4:      layout_loops_ring, overflow_temple_1_default, serial_shops, shop
D:5:      layout_cave_pools, minmay_temple_entry_tees, kennysheep_minor_cross

Skill      XL: |  1  2  3  4  5  6 |
---------------+-------------------+-----
Short Blades   | 3 4 5 |  5.5
Dodging        | 1 2 |  2.7
Fighting       | 3 |  3.7
Armour         | 4 |  4.6
Shields        | 4 |  4.5

Action                   |  1- 3 |  4- 6 |  7- 9 || total
-------------------------+-------+-------+-------++-------
Melee: Rapier            |   105 |   167 |    30 ||   302
Armor: Scale mail        |    27 |    53 |     6 ||    86
Dodge: Dodged            |    38 |    79 |    18 ||   135
Block: Kite shield       |    36 |    93 |    16 ||   145
